 Dungeon Crawl Stone Soup version 0.26-a0-812-g31a745ddcd (webtiles) character file.

Game seed: 16043718373430457408

1096 kae the Insei (level 8, -2/45 HPs)
             Began as a Tengu Transmuter on Nov 23, 2020.
             Was an Initiate of Wu Jian.
             Slain by Edmund
             ... wielding a +3 vorpal dire flail
              (3 damage)
             ... on level 6 of the Dungeon.
             The game lasted 00:03:56 (6772 turns).

kae the Insei (Tengu Transmuter)                    Turns: 6772, Time: 00:03:57

Health: -2/45      AC:  2    Str: 13    XL:     8   Next: 31%
Magic:  11/14      EV: 27    Int: 14    God:    Wu Jian [......]
Gold:   357        SH:  0    Dex: 19    Spells: 4/13 levels left

rFire    + . .     SeeInvis .     - Unarmed
rCold    x . .     Faith    .   (shield currently unavailable)
rNeg     . . .     Spirit   .   (armour currently unavailable)
rPois    x         Reflect  .   (helmet currently unavailable)
rElec    .         Harm     .   (cloak currently unavailable)
rCorr    .         Rampage  .   (gloves currently unavailable)
MR       .....                  (boots unavailable)
Stlth    ++........             (no amulet)
HPRegen  0.15/turn              r - ring of fire
MPRegen  0.14/turn              (no ring)

@: spider-form, flying quickly and evasively, quick
A: tiny, able to fly
a: Stop Flying, End Transformation, Renounce Religion


You were on level 6 of the Dungeon.
You worshipped Wu Jian.
Wu Jian was noncommittal.
You were a venomous arachnid creature.
You visited 2 branches of the dungeon, and saw 7 of its levels.

You collected 357 gold pieces.

Inventory:

Armour
 a - a +0 robe
 b - a +0 leather armour (melded)
 s - a +1 hat (melded)
Jewellery
 r - a ring of fire (left front leg)
Wands
 l - a wand of enslavement (13)
 p - a wand of iceblast (1)
Scrolls
 c - a scroll of enchant weapon
 d - 12 scrolls of identify
 i - a scroll of acquirement {unknown}
 j - a scroll of noise
 m - 5 scrolls of teleportation
 n - 4 scrolls of remove curse
Potions
 e - 2 potions of curing
 f - a potion of degeneration {unknown}
 g - 2 potions of haste
 h - a potion of might
 k - 2 potions of resistance
 q - a potion of mutation
 u - a potion of brilliance {unknown}


   Skills:
 + Level 2.9 Fighting
 + Level 3.0 Armour
 + Level 4.2 Dodging
 * Level 5.9 Unarmed Combat
 + Level 3.4 Spellcasting
 * Level 3.9 Transmutations
 - Level 3.0 Poison Magic


You had 4 spell levels left.
You knew the following spells:

 Your Spells              Type           Power        Failure   Level
a - Beastly Appendage     Tmut           ##....       13%         1
b - Spider Form           Tmut/Pois      ##........   32%         3
c - Blade Hands           Tmut           ##........   88%         5

Your spell library contained the following spells:

 Spells                   Type           Power        Failure   Level
 Wereblood                Tmut           ##......     17%         2
 Animate Skeleton         Necr           #.....       41%         1
 Pain                     Necr           #...         41%         1
 Vampiric Draining        Necr           #.........   73%         3
 Ice Form                 Ice/Tmut       #.......     83%         4
 Animate Dead             Necr           #.........   97%         4
 Agony                    Necr           #.......     100%        5


Dungeon Overview and Level Annotations

Branches:
Dungeon (6/15)             Temple (1/1) D:4

Altars:
Cheibriados
Dithmenos
Elyvilon
Fedhas
Gozag
Kikubaaqudgha
Nemelex Xobeh
Okawaru
Qazlal
Ru
Trog
Uskayaw
Vehumet
Wu Jian
Xom
The Shining One

Annotations:
D:6 Edmund


Innate Abilities, Weirdness & Mutations

((You have a beak for a mouth.))
((You have claws for feet.))
You can fly continuously.


Message History

Where to? (Enter - D:6 @ (x,y), ? - help)
Your transformation has ended.
Your +1 hat unmelds from your body.
Your +0 leather armour unmelds from your body.
i - a scroll labelled WOGIRO RIADD
There are no items here.
Casting: Spider Form (dangerous; 19% risk of failure)
Confirm with . or Enter, or press ? or * to list all spells.
You turn into a venomous arachnid creature.
Your +1 hat melds into your body.
Your +0 leather armour melds into your body.
Edmund shouts!
You completely miss Edmund.
Edmund hits you with a +3 vorpal dire flail!
* * * LOW HITPOINT WARNING * * *
You hit Edmund.
Edmund is poisoned.
Edmund is lightly wounded.
Edmund hits you with a +3 vorpal dire flail!
* * * LOW HITPOINT WARNING * * *
You die...

#### *** ##..## *,** #....##
**#** **,* #.....# *###..,**
*,, #.....#*#....#,,******,
*##* ##.....##....#**,,**,,,,
,..##*
##......#....#*∩**,,*,***
,#...#*##...........#*,,,**,,,*
*
***#..##...###..s@.##,,,,,**,,*
*#.....## ###..##***+*****,*
##...## ##...,,,,,,,,,,* *
##...# *#....,,,,,**** * #*
#....#* *#####,,..#*####
.####..#..#* **,...##...
..##..####.#* **.....o.o
#....## *#.#* *........ #...##
*#.#* *........


You could see Edmund (very poisoned).

Vanquished Creatures
  A water moccasin (D:6)
  An ogre (D:4)
  A bullfrog (D:6)
  A water moccasin skeleton (D:4)
  4 wights (D:4)
  4 orc wizards
  A centaur skeleton (D:6)
  4 hounds
  2 orc priests
  2 iguanas
  3 worker ants (D:4)
  A worker ant zombie (D:5)
  8 adders
  2 shadow imps
  An ooze (D:2)
  2 worms (D:3)
  3 dart slugs
  A leopard gecko (D:3)
  14 orcs
  2 ball pythons (D:1)
  2 giant cockroaches
  5 goblins
  10 hobgoblins
  7 jackals
  A quokka (D:6)
  7 bats
  4 frilled lizards
  3 kobolds
  12 rats
109 creatures vanquished.

Notes
Turn   | Place    | Note
-------+----------+-------------------------------------------
     0 | D:1      | kae the Tengu Transmuter began the quest for the Orb.
     0 | D:1      | Reached XP level 1. HP: 12/12 MP: 4/4
   313 | D:1      | Reached XP level 2. HP: 15/16 MP: 4/6
  1002 | D:1      | Reached XP level 3. HP: 18/20 MP: 5/7
  1233 | D:2      | Found a faded altar of an unknown god.
  1522 | D:2      | Reached skill level 1 in Armour
  1987 | D:2      | Reached XP level 4. HP: 5/25 MP: 8/8
  2014 | D:2      | HP: 1/25 [poisoned by an adder]
  2348 | D:2      | Learned a level 3 spell: Spider Form
  2722 | D:3      | Reached skill level 4 in Unarmed Combat
  3302 | D:3      | Gained mutation: You can fly continuously. [Tengu growth]
  3302 | D:3      | Reached XP level 5. HP: 25/29 MP: 7/9
  3380 | D:3      | Reached skill level 1 in Poison Magic
  3762 | D:4      | Found a shimmering altar of Xom.
  3792 | D:4      | Reached XP level 6. HP: 11/35 MP: 4/10
  4112 | D:4      | Reached XP level 7. HP: 9/40 MP: 12/12
  4363 | D:4      | Reached skill level 5 in Unarmed Combat
  4748 | D:4      | Found a staircase to the Ecumenical Temple.
  4770 | D:4      | You are sucked into a shaft and drop 1 floor!
  4770 | D:5      | Entered Level 5 of the Dungeon
  5208 | D:4      | Found a shadowy altar of Dithmenos.
  5371 | Temple   | Entered the Ecumenical Temple
  5749 | D:5      | Learned a level 5 spell: Blade Hands
  6378 | D:5      | Found an ornate altar of the Wu Jian Council.
  6445 | D:5      | Became a worshipper of the Wu Jian Council
  6532 | D:5      | Reached XP level 8. HP: 40/45 MP: 11/13
  6602 | D:6      | Noticed Edmund
  6772 | D:6      | HP: 1/45 [Edmund/+3 vorpal dire flail (10)]
  6772 | D:6      | Slain by Edmund

Illustrated notes

Levels and vault maps discovered:
D:1:      dpeg_arrival_arbitrary_a, layout_basic, corexii_corridor_pit
D:2:      layout_loops_ring, chequers_ecumenical_altar_grove,
          minmay_tetromino_t4
D:3:      layout_basic, minivault_23, minmay_misc_feat_pillars
D:4:      layout_cave_pools, grunt_dithmenos_shadows, xom_butterflies,
          minmay_temple_entry_stoned_glass, minmay_quantized
D:5:      layout_gridville, lemuel_doored_altar, hangedman_decor_riveting
D:6:      layout_layer_cave, zin_treasury, kennysheep_little_box, serial_shops,
          nicolae_shop_stone, gup_ossuary_entry_pyramid, uniq_edmund
Temple:   cyrus_circular_temple

Skill      XL: |  1  2  3  4  5  6  7  8 |
---------------+-------------------------+-----
Transmutations | 2 3 |  3.9
Armour         | 1 2 3 |  3.0
Unarmed Combat | 4 5 |  5.9
Dodging        | 3 4 |  4.2
Poison Magic   | 1 2 3 |  3.0
Fighting       | 2 |  2.9
Spellcasting   | 3 |  3.4

Action                   |  1- 3 |  4- 6 |  7- 9 || total
-------------------------+-------+-------+-------++-------
Melee: Unarmed           |    95 |   136 |   126 ||   357
       Peck              |     8 |    15 |    11 ||    34
       Kick              |    13 |    30 |    20 ||    63
       Headbutt          |     4 |     7 |    14 ||    25
       Punch             |     1 |     1 |     1 ||     3
 Cast: Beastly Appendage |    19 |    14 |    12 ||    45
       Spider Form       |       |     5 |     6 ||    11
Invok: Lunge             |       |       |     3 ||     3
 Abil: Fly               |       |     1 |       ||     1
  Use: Potion            |     3 |       |     1 ||     4
       Scroll            |       |       |    14 ||    14
 Stab: Sleeping          |       |     1 |       ||     1
Armor: Leather armour    |    29 |    15 |     7 ||    51
       Skin              |       |     2 |     2 ||     4
Dodge: Dodged            |    77 |    92 |   114 ||   283

Table legend: (Time is in decaauts)
 A = Elapsed time spent in this place.
 B = Non-inter-level travel time spent in this place.
 C = Inter-level travel time spent in this place.
 D = Time resting spent in this place.
 E = Time spent auto-exploring this place.
 F = Levels seen in this place.
 G = Mean time per level.
                   A        B        C        D        E       F      G
               +--------+--------+--------+--------+--------+-----+--------+
         Total |   6581 |   6296 |    285 |    389 |   5082 |   7 |  940.1 |
       Dungeon |   6527 |   6251 |    276 |    389 |   5037 |   6 | 1087.8 |
        Temple |     54 |     45 |      9 |      0 |     45 |   1 |   54.0 |
               +--------+--------+--------+--------+--------+-----+--------+

Top non-repeatable levels by time:
     D:4: 1429 daAuts
     D:2: 1429 daAuts
     D:3: 1227 daAuts
     D:1: 1204 daAuts
     D:5: 1140 daAuts
     D:6: 95 daAuts
  Temple: 54 daAuts
